 Dungeon Crawl Stone Soup version 0.28.0-45-g0d030f2227 (webtiles) character file.

Game seed: 12024891806659942187

17 Ablot the Cutter (level 2, -5/29 HPs)
             Began as a Gnoll Chaos Knight on Apr 14, 2022.
             Was a Plaything of Xom.
             Slain by a kobold
             ... wielding a +1 dagger of electrocution
              (16 damage)
             ... on level 1 of the Dungeon.
             The game lasted 00:00:55 (232 turns).

Ablot the Cutter (Gnoll Chaos Knight)                Turns: 232, Time: 00:00:56

Health: -5/29      AC:  5    Str: 11    XL:     2   Next: 62%
Magic:  2/2        EV: 12    Int: 11    God:    Xom [*.....]
Gold:   4          SH:  0    Dex: 11    Spells: 2/2 levels left

rFire   . . .      SeeInvis .   a - +0 short sword (chaos)
rCold   . . .      Faith    .   (no shield)
rNeg    . . .      Spirit   .   b - +2 leather armour
rPois   .          Reflect  .   (no helmet)
rElec   .          Harm     .   (no cloak)
rCorr   .          Rampage  .   (no gloves)
Will    .....                   (no boots)
Stlth   +.........              (no amulet)
HPRegen 0.09/turn               (no ring)
MPRegen 0.08/turn               (no ring)

@: very slow
A: fangs 1, strong nose, distributed training
a: Renounce Religion


You were on level 1 of the Dungeon.
You worshipped Xom.
You were a special plaything of Xom.
You visited 1 branch of the dungeon, and saw 1 of its levels.

You collected 4 gold pieces.

Inventory:

Hand Weapons
 a - a +0 short sword of chaos (weapon)
Missiles
 d - 4 stones (quivered)
Armour
 b - a +2 leather armour (worn)
Scrolls
 e - a scroll of immolation {unknown}
 f - a scroll of enchant weapon {unknown}
Potions
 c - a potion of curing {unknown}
 g - a potion of mutation {unknown}


   Skills:
 + Level 6.5 Fighting
 + Level 6.5 Short Blades
 + Level 0.5 Long Blades
 + Level 0.5 Axes
 + Level 0.5 Maces & Flails
 + Level 0.5 Polearms
 + Level 0.5 Staves
 + Level 0.5 Slings
 + Level 0.5 Bows
 + Level 0.5 Crossbows
 + Level 0.5 Throwing
 + Level 4.5 Armour
 + Level 2.5 Dodging
 + Level 0.5 Stealth
 + Level 0.5 Shields
 + Level 0.5 Unarmed Combat
 + Level 0.5 Spellcasting
 + Level 0.3 Conjurations
 + Level 0.3 Hexes
 + Level 0.3 Summonings
 + Level 0.3 Necromancy
 + Level 0.3 Translocations
 + Level 0.3 Transmutations
 + Level 0.3 Fire Magic
 + Level 0.3 Ice Magic
 + Level 0.3 Air Magic
 + Level 0.3 Earth Magic
 + Level 0.3 Poison Magic
 + Level 0.6 Invocations
 + Level 0.5 Evocations


You had 2 spell levels left.
You didn't know any spells.
Your spell library was empty.

Dungeon Overview and Level Annotations

Branches:
Dungeon (1/15)

Altars:


Innate Abilities, Weirdness & Mutations

You have very sharp teeth.
Your uncanny sense of smell can sniff out nearby items.
Your experience applies equally to all skills.


Message History

A goblin comes into view. It is wielding a +0 club.
The bat misses you. The bat closely misses you.
You hit the bat. You burn the bat. Your bite misses the bat.
The bat is severely wounded.
The bat closely misses you. The bat barely misses you.
You hit the bat. You burn the bat.
You kill the bat!
You enter the shallow water.
Moving in this stuff is going to be slow.
You enter the shallow water.
Moving in this stuff is going to be slow.
The quokka bites you but does no damage.
You enter the shallow water.
Moving in this stuff is going to be slow.
You hit the quokka.
The quokka is poisoned.
The quokka is lightly wounded.
The quokka bites you but does no damage.
You miss the quokka.
The quokka is lightly wounded.
The quokka bites you but does no damage.
You barely miss the quokka.
The quokka is lightly wounded.
The quokka bites you.
You closely miss the quokka.
The quokka is lightly wounded.
The quokka closely misses you.
You miss the quokka. You punch the quokka, but do no damage.
Your bite misses the quokka.
The quokka is moderately wounded.
The quokka bites you but does no damage.
You hit the quokka but do no damage.
Space warps around the quokka.
You kill the quokka!
You enter the shallow water.
Moving in this stuff is going to be slow.
The kobold hits you with a +1 dagger of electrocution.
The kobold hits you but does no damage.
You are electrocuted!
Ouch! That really hurt!
You die...

########## ≈≈≈
≈≈≈≈≈≈≈≈≈# ..8
.....8..≈#
.##############.≈#
8#≈≈≈≈≈#.≈≈§#.#8@#
.#≈...≈#.≈≈.#.#.K#
.#≈.#.≈#.§≈.#.#.≈##
8#≈.#)≈#§≈§.#.#.≈.#
.#≈.#[≈#.≈§.#.#(≈.###
.'..#..'....'<#.≈...#
.'..#..'....'.#.≈.#.....
.#≈.#.≈#.≈≈.#.#.≈.###...
8#≈.#.≈#.≈≈§#.#†≈...# ..


You could see a kobold.

Vanquished Creatures
  An endoplasm (D:1)
  2 giant cockroaches (D:1)
  2 hobgoblins (D:1)
  2 quokkas (D:1)
  3 ball pythons (D:1)
  2 bats (D:1)
  2 kobolds (D:1)
  2 rats (D:1)
16 creatures vanquished.

Notes
Turn   | Place    | Note
-------+----------+-------------------------------------------
     0 | D:1      | Ablot the Gnoll Chaos Knight began the quest for the Orb.
     0 | D:1      | Reached XP level 1. HP: 23/23 MP: 1/1
   121 | D:1      | Reached XP level 2. HP: 29/29 MP: 2/2
   141 | D:1      | XOM: silly message
   143 | D:1      | XOM: silly message
   170 | D:1      | XOM: polymorph hobgoblin -> quokka
   232 | D:1      | Slain by a kobold

Illustrated notes

Levels and vault maps discovered:
D:1:      lightli_arrival_isolated_outpost, layout_rooms, skrybe_limestone_x,
          nicolae_concentric_dashed_squares_mild

Action                   || total
-------------------------++-------
Melee: Short sword       ||    47
       Punch             ||     2
       Bite              ||     1
Armor: Leather armour    ||    17
Dodge: Dodged            ||    24
